Sabres vs Flyers

Created - 7 janvier 2018 at 15:55

Goals
1 2 3 T
Sabres 1 3 2 6
Flyers 0 1 0 1
Shots
1 2 3 T
Sabres 10 23 6 39
Flyers 11 10 20 41

1st period

1. Sabres , Brian Gionta 19 (Alexander Frolov 28, Olli Maata 6) at 0:18

Penalties :
Radko Gudas (BUF) for High sticking (Minor) at 1:37

2nd period

2. Sabres , Radko Gudas 3 (Nicklas Backstrom 15, Alexander Frolov 29) at 11:28 (PP)
3. Flyers , Zach Parise 20 (Claude Giroux 33, Patrick Kane 24) at 14:41
4. Sabres , Alexander Frolov 22 (Olli Maata 7, Milan Lucic 6) at 16:05 (PP)
5. Sabres , Nicklas Backstrom 16 (Jonathan Blum 3) at 16:55 (PP)

Penalties :
Jonathan Quick (PHI) for Slashing (Minor) at 6:22 - Dustin Brown served the penalty., Dustin Brown (PHI) for Tripping (Minor) at 11:00, Dustin Brown (PHI) for Fighting (Major) at 15:29, Mike Iggulden (BUF) for Fighting (Major) at 15:29, Mikael Granlund (PHI) for Slashing (Minor) at 15:29, Brent Seabrook (BUF) for Roughing (Minor) at 15:29, Jonathan Huberdeau (PHI) for High sticking (Double Minor) at 15:29

3rd period

6. Sabres , Brian Gionta 20 (Alexander Frolov 30) at 9:02
7. Sabres , Alexander Frolov 23 (Radko Gudas 21, Jake Allen) at 14:38 (PP)

Penalties :
Milan Lucic (BUF) for Hooking (Minor) at 9:44, Nicklas Grossman (PHI) for High sticking (Minor) at 13:18

Goalie Stats

Jake Allen (BUF), 40 saves from 41 shots - (0,976), W, 16-4-5, 60:00 minutes
Jonathan Quick (PHI), 33 saves from 39 shots - (0,846), L, 18-14-3, 60:00 minutes

Players Stats for Sabres

Player Name              G  A  P  +/- PIM S  H  SB GA TA FO     MP     PP MP  PK MP  
------------------------------------------------------------------------------------
Alexander Frolov         2  3  5   2  0   9  1  1  0  0  19/31  20:28   3:03   2:26 
Brent Seabrook           0  0  0   1  2   0  5  1  0  0  0/0    29:15   2:00   2:18 
Brian Gionta             2  0  2   2  0   4  0  0  0  0  0/2    17:56   3:33   0:00 
Bryan Berard             0  0  0   0  0   1  0  2  0  0  0/0    10:24   0:00   0:18 
Cory Conacher            0  0  0   0  0   0  0  0  0  0  0/1     6:27   0:00   0:00 
Daniel Briere            0  0  0  -1  0   5  4  1  0  0  18/32  23:07   3:33   2:26 
Janne Lahti              0  0  0   0  0   1  5  0  0  0  0/1     6:27   0:00   0:00 
John Oduya               0  0  0   1  0   3  0  0  0  0  0/0    20:25   1:19   2:05 
Jonathan Blum            0  1  1   0  0   2  0  0  0  0  0/0    10:28   3:17   0:00 
Mike Iggulden            0  0  0   2  5   0  3  0  0  0  0/0    16:07   1:45   0:00 
Milan Lucic              0  1  1   0  2   1  1  0  0  0  2/2    13:48   1:19   1:02 
Nicklas Backstrom        1  1  2  -1  0   4  0  0  0  0  6/10   22:12   3:32   1:32 
Olli Maata               0  2  2   0  0   2  0  0  0  0  0/0    22:55   3:19   2:18 
Patrik Berglund          0  0  0   0  0   1  0  0  0  0  2/3     6:27   0:00   0:00 
Radko Gudas              1  1  2   0  2   3  10 0  0  0  0/0    26:31   3:17   0:57 
Sergei Kostitsyn         0  0  0   0  0   1  0  0  0  0  3/13   11:22   0:00   0:30 
Tomas Pospisil           0  0  0  -1  0   2  0  0  0  0  0/0    20:11   3:03   0:00 
Victor Rask              0  0  0   0  0   0  0  0  0  0  2/2    10:52   0:00   0:00 

Players Stats for Flyers

Player Name              G  A  P  +/- PIM S  H  SB GA TA FO     MP     PP MP  PK MP  
------------------------------------------------------------------------------------
Braydon Coburn           0  0  0   0  0   0  3  2  0  0  0/0    25:42   2:10   3:39 
Claude Giroux            0  1  1   1  0   4  5  1  0  0  15/30  20:26   2:01   3:25 
Dustin Brown             0  0  0  -1  7   3  5  0  0  0  0/0    15:08   0:00   1:10 
Jakub Kindl              0  0  0  -1  0   1  0  3  0  0  0/0    19:52   0:00   3:07 
Jeff Skinner             0  0  0  -1  0   5  0  1  0  0  10/20  17:28   2:01   0:00 
Jim Sharrow              0  0  0   0  0   1  3  2  0  0  0/0    17:33   1:48   3:33 
Jonathan Huberdeau       0  0  0  -1  4   4  0  0  0  0  9/21   16:18   1:57   0:00 
Mikael Granlund          0  0  0  -1  2   4  2  0  0  0  5/12   19:29   1:57   3:11 
Nicklas Grossman         0  0  0   1  2   0  1  1  0  0  0/0    20:42   2:10   0:32 
Patrick Kane             0  1  1   1  0   7  0  0  0  0  0/2    17:05   2:01   0:04 
Petr Prucha              0  0  0   0  0   0  0  0  0  0  1/2     7:48   0:00   3:47 
Rhett Rakhshani          0  0  0   0  0   0  0  0  0  0  0/1     4:23   0:00   0:00 
Shayne Gostisbehere      0  0  0   0  0   1  0  0  0  0  0/0    12:12   0:00   0:00 
Ted Purcell              0  0  0  -1  0   1  0  0  0  0  0/1    15:27   0:00   0:00 
Trevor Lewis             0  0  0   0  0   3  2  0  0  0  4/6     4:01   0:00   0:00 
Tyler Myers              0  0  0  -2  0   1  3  1  0  0  0/0    23:58   1:48   3:33 
Yannick Lehoux           0  0  0  -1  0   0  2  0  0  0  1/1    15:27   0:00   0:00 
Zach Parise              1  0  1   1  0   6  0  0  0  0  0/1    19:08   1:57   2:11 

3 Stars

1 - Alexander Frolov (BUF)
2 - Jake Allen (BUF)
3 - Brian Gionta (BUF)

Power Play

Sabres - 4 on 5 Attempt(s) - 80,00%
Flyers - 0 on 2 Attempt(s) - 0,00%

Penalty Kill

Sabres - 2 on 2 Attempt(s) - 100,00% - Score 0 goal in Penalty Kill
Flyers - 1 on 5 Attempt(s) - 20,00% - Score 0 goal in Penalty Kill

Team Stat

Sabres - Hits : 29 - Faceoff Wins : 52 - Blocked Shots : 5 - Penalty Minutes : 11
Flyers - Hits : 26 - Faceoff Wins : 45 - Blocked Shots : 11 - Penalty Minutes : 17

Official

Referees : Ben Moser and Rob Martell
Linesman : Brian Wisner and Darren Gibbs

Game Notes

General Fight at 15:29 of 2nd period
Dustin Brown and Mike Iggulden fight to a draw at 15:29 of 2nd period

Finance

Level 1 -- Attendance: 6000 (100,00%) -- Ticket Income 618 000 $
Level 2 -- Attendance: 5000 (100,00%) -- Ticket Income 330 000 $
Level 3 -- Attendance: 2000 (100,00%) -- Ticket Income 90 000 $
Level 4 -- Attendance: 4000 (100,00%) -- Ticket Income 120 000 $
Luxury Box -- Attendance: 1509 (60,00%) -- Ticket Income 528 150 $
Game was played at the Wachovia Center.
Total Attendance: 18509 (94,84%)
Total Ticket Income: 1 686 150 $
Other Income: 826 214 $
Total Income: 2 512 364 $

Sabres

5 vs 5 Forward 
   Center                   Left Wing                Right Wing               Time % Phy DF OF 
 1 Daniel Briere            Nicklas Backstrom        Tomas Pospisil           40     0   2  3  
 2 Alexander Frolov         Brian Gionta             Mike Iggulden            30     0   2  3  
 3 Sergei Kostitsyn         Milan Lucic              Victor Rask              20     0   2  3  
 4 Patrik Berglund          Janne Lahti              Cory Conacher            10     0   3  2  

5 vs 5 Defense 
   Defense                  Defense                                           Time % Phy DF OF 
 1 John Oduya               Brent Seabrook                                    40     0   4  1  
 2 Olli Maata               Radko Gudas                                       30     0   4  1  
 3 Brent Seabrook           Bryan Berard                                      20     0   4  1  
 4 Radko Gudas              Jonathan Blum                                     10     0   5  0  

PowerPlay Forward 
   Center                   Left Wing                Right Wing               Time % Phy DF OF 
 1 Nicklas Backstrom        Alexander Frolov         Tomas Pospisil           60     0   0  5  
 2 Daniel Briere            Brian Gionta             Mike Iggulden            40     0   0  5  

PowerPlay Defense
   Defense                  Defense                                           Time % Phy DF OF 
 1 Olli Maata               Brent Seabrook                                    60     0   1  4  
 2 Radko Gudas              Jonathan Blum                                     40     0   1  4  

Penalty Kill 4 Players Forward 
   Center                   Wing                     Time % Phy DF OF 
 1 Alexander Frolov         Daniel Briere            60     0   4  1  
 2 Nicklas Backstrom        Milan Lucic              40     0   4  1  

Penalty Kill 4 Players Defense
   Defense                  Defense                  Time % Phy DF OF 
 1 John Oduya               Olli Maata               60     0   5  0  
 2 Radko Gudas              Brent Seabrook           40     0   5  0  

Penalty Kill - 3 Players Forward 
   Forward                                           Time % Phy DF OF 
 1 Milan Lucic                                       60     0   5  0  
 2 Nicklas Backstrom                                 40     0   5  0  

Penalty Kill - 3 Players Defense
   Defense                  Defense                  Time % Phy DF OF 
 1 Brent Seabrook           Olli Maata               60     0   5  0  
 2 John Oduya               Jonathan Blum            40     0   5  0  

4 vs 4 Forward 
   Center                   Wing                     Time % Phy DF OF 
 1 Milan Lucic              Alexander Frolov         60     0   2  3  
 2 Daniel Briere            Nicklas Backstrom        40     0   2  3  

4 vs 4 Defense
   Defense                  Defense                  Time % Phy DF OF 
 1 Olli Maata               Brent Seabrook           60     0   4  1  
 2 John Oduya               Radko Gudas              40     0   4  1  

Last Minutes Offensive
   Center                   Left Wing                Right Wing               Defense                  Defense                  
   Nicklas Backstrom        Alexander Frolov         Daniel Briere            John Oduya               Brent Seabrook           

Last Minutes Defensive
   Center                   Left Wing                Right Wing               Defense                  Defense                  
   Nicklas Backstrom        Alexander Frolov         Daniel Briere            John Oduya               Brent Seabrook           

Goaltenders
Starting : Jake Allen               
Backup : Michal Neuvirth          

Extra Forwards
Normal : Alexander Frolov, Nicklas Backstrom, Milan Lucic - PP : Milan Lucic, Nicklas Backstrom - PK : Milan Lucic
Extra Defensemen
Normal : Brent Seabrook, Olli Maata, Radko Gudas - PP : Brent Seabrook - PK : Olli Maata, Brent Seabrook
Penalty Shots
Daniel Briere, Tomas Pospisil, Milan Lucic, Nicklas Backstrom, Alexander Frolov
Custom OT Lines Forwards
Daniel Briere, Alexander Frolov, Nicklas Backstrom, Brian Gionta, Tomas Pospisil, Sergei Kostitsyn, Cory Conacher, Milan Lucic, Janne Lahti, Mike Iggulden
Custom OT Lines Defensemen
Jonathan Blum, Olli Maata, Radko Gudas, Bryan Berard, Brent Seabrook

Scratches
Olli Jokinen (Bruised Right Leg Injury), Brandon Pirri (Healthy)

Flyers

5 vs 5 Forward 
   Center                   Left Wing                Right Wing               Time % Phy DF OF 
 1 Claude Giroux            Zach Parise              Patrick Kane             30     0   2  3  
 2 Jonathan Huberdeau       Dustin Brown             Mikael Granlund          30     0   2  3  
 3 Jeff Skinner             Ted Purcell              Yannick Lehoux           30     0   2  3  
 4 Trevor Lewis             Rhett Rakhshani          Petr Prucha              10     1   3  1  

5 vs 5 Defense 
   Defense                  Defense                                           Time % Phy DF OF 
 1 Braydon Coburn           Nicklas Grossman                                  35     0   2  3  
 2 Tyler Myers              Jakub Kindl                                       35     0   2  3  
 3 Shayne Gostisbehere      Jim Sharrow                                       20     0   2  3  
 4 Braydon Coburn           Tyler Myers                                       10     1   3  1  

PowerPlay Forward 
   Center                   Left Wing                Right Wing               Time % Phy DF OF 
 1 Claude Giroux            Jeff Skinner             Patrick Kane             50     0   0  5  
 2 Mikael Granlund          Jonathan Huberdeau       Zach Parise              50     0   0  5  

PowerPlay Defense
   Defense                  Defense                                           Time % Phy DF OF 
 1 Braydon Coburn           Nicklas Grossman                                  50     0   1  4  
 2 Jim Sharrow              Tyler Myers                                       50     0   1  4  

Penalty Kill 4 Players Forward 
   Center                   Wing                     Time % Phy DF OF 
 1 Mikael Granlund          Dustin Brown             50     1   3  1  
 2 Claude Giroux            Dustin Brown             50     1   3  1  

Penalty Kill 4 Players Defense
   Defense                  Defense                  Time % Phy DF OF 
 1 Braydon Coburn           Jakub Kindl              50     1   4  0  
 2 Tyler Myers              Jim Sharrow              50     1   4  0  

Penalty Kill - 3 Players Forward 
   Forward                                           Time % Phy DF OF 
 1 Dustin Brown                                      60     1   4  0  
 2 Claude Giroux                                     40     1   4  0  

Penalty Kill - 3 Players Defense
   Defense                  Defense                  Time % Phy DF OF 
 1 Nicklas Grossman         Braydon Coburn           60     1   4  0  
 2 Jim Sharrow              Tyler Myers              40     1   4  0  

4 vs 4 Forward 
   Center                   Wing                     Time % Phy DF OF 
 1 Claude Giroux            Patrick Kane             50     0   2  3  
 2 Trevor Lewis             Petr Prucha              50     0   2  3  

4 vs 4 Defense
   Defense                  Defense                  Time % Phy DF OF 
 1 Jim Sharrow              Braydon Coburn           50     1   2  2  
 2 Nicklas Grossman         Tyler Myers              50     1   2  2  

Last Minutes Offensive
   Center                   Left Wing                Right Wing               Defense                  Defense                  
   Claude Giroux            Zach Parise              Patrick Kane             Braydon Coburn           Nicklas Grossman         

Last Minutes Defensive
   Center                   Left Wing                Right Wing               Defense                  Defense                  
   Claude Giroux            Zach Parise              Patrick Kane             Braydon Coburn           Jakub Kindl              

Goaltenders
Starting : Jonathan Quick           
Backup : Anders Lindback          

Extra Forwards
Normal : Rhett Rakhshani, Petr Prucha, Patrick Kane - PP : Petr Prucha, Rhett Rakhshani - PK : Petr Prucha
Extra Defensemen
Normal : Nicklas Grossman, Jim Sharrow, Tyler Myers - PP : Tyler Myers - PK : Jim Sharrow, Tyler Myers
Penalty Shots
Rhett Rakhshani, Claude Giroux, Patrick Kane, Zach Parise, Jim Sharrow
Custom OT Lines Forwards
Claude Giroux, Zach Parise, Patrick Kane, Rhett Rakhshani, Mikael Granlund, Petr Prucha, Jonathan Huberdeau, Dustin Brown, Ted Purcell, Trevor Lewis
Custom OT Lines Defensemen
Jakub Kindl, Tyler Myers, Braydon Coburn, Jim Sharrow, Nicklas Grossman

Scratches
Duncan Keith (Strained Right Knee Injury), Matt Pelech (Healthy), Kirill Safronov (Healthy)

% Time on Ice - Sabres

Lines # - Real PCT - Wanted PCT - Time Play
Normal Forward
1 - 35% - 40% - 17:08
2 - 29% - 30% - 14:23
3 - 22% - 20% - 10:52
4 - 13% - 10% - 6:27
Normal Defense
1 - 33% - 40% - 16:16
2 - 32% - 30% - 15:25
3 - 20% - 20% - 9:58
4 - 15% - 10% - 7:11
PP Forward
1 - 46% - 60% - 3:03
2 - 54% - 40% - 3:33
PP Defense
1 - 50% - 60% - 3:19
2 - 50% - 40% - 3:17
PK Forward
1 - 61% - 60% - 2:26
2 - 39% - 40% - 1:32
PK Defense
1 - 42% - 60% - 1:40
2 - 58% - 40% - 2:18
PK3 Forward
1 - 0% - 60%
2 - 0% - 40%
PK3 Defense
1 - 0% - 60%
2 - 0% - 40%
44 Forward
1 - 100% - 60% - 0:36
2 - 0% - 40% - 0:00
44 Defense
1 - 100% - 60% - 0:36
2 - 0% - 40% - 0:00
Last Minute Offensive  - 0:00
Last Minute Defensive  - 0:00
Total
Forward - 60:00
Defense - 60:00

% Time on Ice - Flyers

Lines # - Real PCT - Wanted PCT - Time Play
Normal Forward
1 - 31% - 30% - 15:00
2 - 29% - 30% - 14:22
3 - 32% - 30% - 15:27
4 - 8% - 10% - 4:01
Normal Defense
1 - 37% - 35% - 18:01
2 - 34% - 35% - 16:45
3 - 25% - 20% - 12:12
4 - 4% - 10% - 1:52
PP Forward
1 - 51% - 50% - 2:01
2 - 49% - 50% - 1:57
PP Defense
1 - 55% - 50% - 2:10
2 - 45% - 50% - 1:48
PK Forward
1 - 48% - 50% - 3:11
2 - 52% - 50% - 3:25
PK Defense
1 - 47% - 50% - 3:07
2 - 53% - 50% - 3:29
PK3 Forward
1 - 100% - 60% - 0:36
2 - 0% - 40% - 0:00
PK3 Defense
1 - 89% - 60% - 0:32
2 - 11% - 40% - 0:04
44 Forward
1 - 0% - 50%
2 - 0% - 50%
44 Defense
1 - 0% - 50%
2 - 0% - 50%
Last Minute Offensive  - 0:00
Last Minute Defensive  - 0:00
Total
Forward - 60:00
Defense - 60:00

Play by Play

1st period


0:01 of 1st period - Daniel Briere wins face-off versus Claude Giroux in neutral zone.
0:03 of 1st period - Nicklas Backstrom is hit by Claude Giroux and loses puck.
0:10 of 1st period - Shot by Daniel Briere.
0:10 of 1st period - Stopped by Jonathan Quick without a rebound.
0:11 of 1st period - Alexander Frolov wins face-off versus Jonathan Huberdeau in Flyers zone.
0:18 of 1st period - Shot by Brian Gionta.
0:18 of 1st period - Goal by Brian Gionta - Sabres : 1 - Flyers : 0.
0:19 of 1st period - Jeff Skinner wins face-off versus Sergei Kostitsyn in neutral zone.
0:22 of 1st period - Brent Seabrook is hit by Yannick Lehoux.
0:59 of 1st period - Shot by Brent Seabrook.
0:59 of 1st period - Shot Misses the Net.
1:06 of 1st period - Icing by Shayne Gostisbehere.
1:07 of 1st period - Daniel Briere wins face-off versus Jeff Skinner in Flyers zone.
1:24 of 1st period - Shot by Daniel Briere.
1:24 of 1st period - Stopped by Jonathan Quick without a rebound.
1:25 of 1st period - Jonathan Huberdeau wins face-off versus Brian Gionta in Flyers zone.
1:32 of 1st period - Shot by Dustin Brown.
1:32 of 1st period - Deflect By Mikael Granlund.
1:32 of 1st period - Stopped by Jake Allen without a rebound.
1:33 of 1st period - Alexander Frolov wins face-off versus Claude Giroux in Sabres zone.
1:33 of 1st period - Brian Gionta is hit by Claude Giroux and loses puck.
1:37 of 1st period - Minor Penalty to Radko Gudas for High sticking.
1:38 of 1st period - Alexander Frolov wins face-off versus Mikael Granlund in Sabres zone.
1:38 of 1st period - Alexander Frolov is hit by Mikael Granlund.
2:08 of 1st period - Mikael Granlund is hit by Brent Seabrook.
2:27 of 1st period - Icing by Braydon Coburn.
2:28 of 1st period - Alexander Frolov wins face-off versus Mikael Granlund in Flyers zone.
3:07 of 1st period - Shot by Claude Giroux.
3:07 of 1st period - Stopped by Jake Allen without a rebound.
3:08 of 1st period - Claude Giroux wins face-off versus Nicklas Backstrom in Sabres zone.
3:55 of 1st period - Shot by Trevor Lewis.
3:55 of 1st period - Stopped by Jake Allen without a rebound.
3:56 of 1st period - Alexander Frolov wins face-off versus Jonathan Huberdeau in Sabres zone.
5:01 of 1st period - Shot by Tomas Pospisil.
5:01 of 1st period - Stopped by Jonathan Quick without a rebound.
5:02 of 1st period - Jeff Skinner wins face-off versus Sergei Kostitsyn in Flyers zone.
5:04 of 1st period - Icing by Jim Sharrow.
5:05 of 1st period - Jeff Skinner wins face-off versus Cory Conacher in Flyers zone.
5:05 of 1st period - Jeff Skinner is hit by Janne Lahti.
5:14 of 1st period - Janne Lahti is hit by Jim Sharrow.
5:23 of 1st period - Shot by Jonathan Blum.
5:23 of 1st period - Shot Blocked by Jim Sharrow.
5:25 of 1st period - Shot by Patrik Berglund.
5:25 of 1st period - Stopped by Jonathan Quick with a rebound.
5:32 of 1st period - Janne Lahti is hit by Jim Sharrow.
6:40 of 1st period - Shot by Zach Parise.
6:40 of 1st period - Stopped by Jake Allen without a rebound.
6:41 of 1st period - Jonathan Huberdeau wins face-off versus Alexander Frolov in Sabres zone.
6:54 of 1st period - Shot by Alexander Frolov.
6:54 of 1st period - Shot Misses the Net.
7:34 of 1st period - Brent Seabrook is hit by Dustin Brown and loses puck.
8:49 of 1st period - Icing by Brent Seabrook.
8:50 of 1st period - Trevor Lewis wins face-off versus Sergei Kostitsyn in Sabres zone.
8:50 of 1st period - Rhett Rakhshani is hit by Brent Seabrook and loses puck.
9:24 of 1st period - Shayne Gostisbehere is hit by Daniel Briere and loses puck.
9:28 of 1st period - Rhett Rakhshani is hit by Daniel Briere and loses puck.
9:51 of 1st period - Shot by Jeff Skinner.
9:51 of 1st period - Stopped by Jake Allen without a rebound.
9:52 of 1st period - Alexander Frolov wins face-off versus Claude Giroux in Sabres zone.
9:52 of 1st period - Brian Gionta is hit by Claude Giroux and loses puck.
10:07 of 1st period - Shot by Zach Parise.
10:07 of 1st period - Stopped by Jake Allen without a rebound.
10:08 of 1st period - Yannick Lehoux wins face-off versus Janne Lahti in Sabres zone.
10:08 of 1st period - Yannick Lehoux is hit by Radko Gudas.
10:12 of 1st period - Shot by Jeff Skinner.
10:12 of 1st period - Stopped by Jake Allen without a rebound.
10:13 of 1st period - Claude Giroux wins face-off versus Daniel Briere in Sabres zone.
10:46 of 1st period - Shot by Daniel Briere.
10:46 of 1st period - Shot Misses the Net.
10:48 of 1st period - Shot by Radko Gudas.
10:48 of 1st period - Shot Blocked by Jakub Kindl.
11:09 of 1st period - Shot by Brian Gionta.
11:09 of 1st period - Stopped by Jonathan Quick without a rebound.
11:10 of 1st period - Mikael Granlund wins face-off versus Patrik Berglund in Flyers zone.
11:10 of 1st period - Jonathan Huberdeau is hit by Janne Lahti and loses puck.
11:23 of 1st period - Shot by Janne Lahti.
11:23 of 1st period - Shot Misses the Net.
11:25 of 1st period - Shot by John Oduya.
11:25 of 1st period - Stopped by Jonathan Quick with a rebound.
11:29 of 1st period - Shot by Cory Conacher.
11:29 of 1st period - Shot Misses the Net.
11:45 of 1st period - Shot by Cory Conacher.
11:45 of 1st period - Shot Misses the Net.
12:12 of 1st period - Shot by Ted Purcell.
12:12 of 1st period - Stopped by Jake Allen without a rebound.
12:13 of 1st period - Daniel Briere wins face-off versus Trevor Lewis in Sabres zone.
12:13 of 1st period - Daniel Briere is hit by Trevor Lewis.
12:19 of 1st period - Shot by Shayne Gostisbehere.
12:19 of 1st period - Shot Blocked by Bryan Berard.
12:27 of 1st period - Shot by Nicklas Backstrom.
12:27 of 1st period - Shot Hit the Post.
12:29 of 1st period - Shot by Bryan Berard.
12:29 of 1st period - Stopped by Jonathan Quick with a rebound.
12:31 of 1st period - Shot by Nicklas Backstrom.
12:31 of 1st period - Stopped by Jonathan Quick without a rebound.
12:32 of 1st period - Alexander Frolov wins face-off versus Jeff Skinner in Flyers zone.
12:51 of 1st period - Shot by Alexander Frolov.
12:51 of 1st period - Shot Misses the Net.
13:59 of 1st period - Shot by Zach Parise.
13:59 of 1st period - Shot Misses the Net.
15:44 of 1st period - Dustin Brown is hit by Janne Lahti and loses puck.
16:13 of 1st period - Off-side.
16:14 of 1st period - Claude Giroux wins face-off versus Alexander Frolov in neutral zone.
16:31 of 1st period - Shot by Patrick Kane.
16:31 of 1st period - Stopped by Jake Allen with a rebound.
16:39 of 1st period - Shot by Zach Parise.
16:39 of 1st period - Stopped by Jake Allen without a rebound.
16:40 of 1st period - Daniel Briere wins face-off versus Jeff Skinner in Sabres zone.
16:44 of 1st period - Nicklas Backstrom is hit by Tyler Myers and loses puck.
16:54 of 1st period - Icing by Jakub Kindl.
16:55 of 1st period - Sergei Kostitsyn wins face-off versus Jeff Skinner in Flyers zone.
16:59 of 1st period - Milan Lucic is hit by Tyler Myers and loses puck.
17:11 of 1st period - Icing by Milan Lucic.
17:12 of 1st period - Sergei Kostitsyn wins face-off versus Claude Giroux in Sabres zone.
17:17 of 1st period - Shot by Milan Lucic.
17:17 of 1st period - Stopped by Jonathan Quick without a rebound.
17:18 of 1st period - Daniel Briere wins face-off versus Patrick Kane in Flyers zone.
17:18 of 1st period - Brent Seabrook is hit by Braydon Coburn.
17:30 of 1st period - Shot by Nicklas Backstrom.
17:30 of 1st period - Deflect By Daniel Briere.
17:30 of 1st period - Shot Misses the Net.
17:35 of 1st period - Off-side.
17:36 of 1st period - Jeff Skinner wins face-off versus Brian Gionta in neutral zone.
18:40 of 1st period - Off-side.
18:41 of 1st period - Claude Giroux wins face-off versus Sergei Kostitsyn in neutral zone.
18:46 of 1st period - Shot by Patrick Kane.
18:46 of 1st period - Shot Misses the Net.
19:24 of 1st period - Shot by Patrick Kane.
19:24 of 1st period - Stopped by Jake Allen without a rebound.
19:25 of 1st period - Jonathan Huberdeau wins face-off versus Daniel Briere in Sabres zone.
19:30 of 1st period - Shot by Mikael Granlund.
19:30 of 1st period - Shot Hit the Post.
19:57 of 1st period - Mikael Granlund is hit by Radko Gudas and loses puck.
Goals for this period are 1 for Sabres vs 0 for Flyers.
Shots for this period are 10 for Sabres vs 11 for Flyers.

2nd period


0:01 of 2nd period - Nicklas Backstrom wins face-off versus Trevor Lewis in neutral zone.
0:40 of 2nd period - Shot by Tomas Pospisil.
0:40 of 2nd period - Stopped by Jonathan Quick without a rebound.
0:41 of 2nd period - Alexander Frolov wins face-off versus Jeff Skinner in Flyers zone.
1:04 of 2nd period - Shot by Brian Gionta.
1:04 of 2nd period - Shot Blocked by Jeff Skinner.
1:14 of 2nd period - Brian Gionta is hit by Jim Sharrow and loses puck.
1:26 of 2nd period - Icing by Olli Maata.
1:27 of 2nd period - Alexander Frolov wins face-off versus Jonathan Huberdeau in Sabres zone.
1:27 of 2nd period - Alexander Frolov is hit by Dustin Brown.
1:52 of 2nd period - Tomas Pospisil is hit by Nicklas Grossman and loses puck.
1:57 of 2nd period - Shot by Nicklas Backstrom.
1:57 of 2nd period - Shot Blocked by Nicklas Grossman.
2:07 of 2nd period - Shot by Nicklas Backstrom.
2:07 of 2nd period - Stopped by Jonathan Quick without a rebound.
2:08 of 2nd period - Claude Giroux wins face-off versus Sergei Kostitsyn in Flyers zone.
2:25 of 2nd period - Shot by Patrick Kane.
2:25 of 2nd period - Deflect By Zach Parise.
2:25 of 2nd period - Shot Misses the Net.
2:27 of 2nd period - Shot by Zach Parise.
2:27 of 2nd period - Shot Blocked by Brent Seabrook.
2:35 of 2nd period - Shot by Patrick Kane.
2:35 of 2nd period - Shot Blocked by Bryan Berard.
2:37 of 2nd period - Shot by Zach Parise.
2:37 of 2nd period - Stopped by Jake Allen with a rebound.
3:12 of 2nd period - Icing by Jim Sharrow.
3:13 of 2nd period - Jeff Skinner wins face-off versus Alexander Frolov in Flyers zone.
3:13 of 2nd period - Jeff Skinner is hit by Mike Iggulden.
3:23 of 2nd period - Icing by Alexander Frolov.
3:24 of 2nd period - Jonathan Huberdeau wins face-off versus Alexander Frolov in Sabres zone.
3:45 of 2nd period - Mikael Granlund is hit by Radko Gudas.
5:11 of 2nd period - Claude Giroux is hit by Janne Lahti and loses puck.
5:20 of 2nd period - Shot by Janne Lahti.
5:20 of 2nd period - Stopped by Jonathan Quick with a rebound.
5:25 of 2nd period - Janne Lahti is hit by Tyler Myers and loses puck.
5:44 of 2nd period - Shot by Claude Giroux.
5:44 of 2nd period - Stopped by Jake Allen without a rebound.
5:45 of 2nd period - Trevor Lewis wins face-off versus Alexander Frolov in Sabres zone.
5:49 of 2nd period - Rhett Rakhshani is hit by Radko Gudas and loses puck.
6:02 of 2nd period - Icing by Braydon Coburn.
6:03 of 2nd period - Trevor Lewis wins face-off versus Daniel Briere in Flyers zone.
6:12 of 2nd period - Shot by Trevor Lewis.
6:12 of 2nd period - Stopped by Jake Allen with a rebound.
6:15 of 2nd period - Icing by John Oduya.
6:16 of 2nd period - Daniel Briere wins face-off versus Jonathan Huberdeau in Sabres zone.
6:22 of 2nd period - Shot by Daniel Briere.
6:22 of 2nd period - Stopped by Jonathan Quick without a rebound.
6:22 of 2nd period - Minor Penalty to Jonathan Quick for Slashing.
6:23 of 2nd period - Mikael Granlund wins face-off versus Nicklas Backstrom in Flyers zone.
6:23 of 2nd period - Mikael Granlund is hit by Alexander Frolov.
6:41 of 2nd period - Shot by Alexander Frolov.
6:41 of 2nd period - Deflect By Nicklas Backstrom.
6:41 of 2nd period - Shot Blocked by Jakub Kindl.
7:32 of 2nd period - Icing by Jonathan Blum.
7:33 of 2nd period - Daniel Briere wins face-off versus Mikael Granlund in Sabres zone.
7:52 of 2nd period - Shot by Radko Gudas.
7:52 of 2nd period - Stopped by Jonathan Quick with a rebound.
7:54 of 2nd period - Shot by Jonathan Blum.
7:54 of 2nd period - Stopped by Jonathan Quick without a rebound.
7:55 of 2nd period - Claude Giroux wins face-off versus Daniel Briere in Flyers zone.
8:04 of 2nd period - Shot by Daniel Briere.
8:04 of 2nd period - Stopped by Jonathan Quick without a rebound.
8:05 of 2nd period - Claude Giroux wins face-off versus Nicklas Backstrom in Flyers zone.
8:10 of 2nd period - Shot by Tomas Pospisil.
8:10 of 2nd period - Shot Misses the Net.
8:12 of 2nd period - Shot by Tomas Pospisil.
8:12 of 2nd period - Deflect By Nicklas Backstrom.
8:12 of 2nd period - Shot Misses the Net.
8:14 of 2nd period - Shot by Alexander Frolov.
8:14 of 2nd period - Stopped by Jonathan Quick without a rebound.
8:15 of 2nd period - Mikael Granlund wins face-off versus Daniel Briere in Flyers zone.
8:40 of 2nd period - Icing by Braydon Coburn.
8:41 of 2nd period - Jeff Skinner wins face-off versus Daniel Briere in Flyers zone.
8:41 of 2nd period - Nicklas Grossman is hit by Daniel Briere and loses puck.
9:06 of 2nd period - Shot by Daniel Briere.
9:06 of 2nd period - Shot Misses the Net.
9:43 of 2nd period - Shot by Brian Gionta.
9:43 of 2nd period - Stopped by Jonathan Quick with a rebound.
9:45 of 2nd period - Shot by John Oduya.
9:45 of 2nd period - Stopped by Jonathan Quick without a rebound.
9:46 of 2nd period - Claude Giroux wins face-off versus Sergei Kostitsyn in Flyers zone.
10:07 of 2nd period - Shot by Patrick Kane.
10:07 of 2nd period - Shot Misses the Net.
10:25 of 2nd period - Shot by Sergei Kostitsyn.
10:25 of 2nd period - Stopped by Jonathan Quick without a rebound.
10:26 of 2nd period - Jonathan Huberdeau wins face-off versus Alexander Frolov in Flyers zone.
10:31 of 2nd period - Shot by Jonathan Huberdeau.
10:31 of 2nd period - Stopped by Jake Allen without a rebound.
10:32 of 2nd period - Daniel Briere wins face-off versus Jonathan Huberdeau in Sabres zone.
10:32 of 2nd period - Nicklas Backstrom is hit by Dustin Brown and loses puck.
11:00 of 2nd period - Minor Penalty to Dustin Brown for Tripping.
11:01 of 2nd period - Daniel Briere wins face-off versus Claude Giroux in Flyers zone.
11:10 of 2nd period - Shot by Daniel Briere.
11:10 of 2nd period - Shot Blocked by Braydon Coburn.
11:12 of 2nd period - Shot by Mike Iggulden.
11:12 of 2nd period - Shot Misses the Net.
11:14 of 2nd period - Shot by Olli Maata.
11:14 of 2nd period - Stopped by Jonathan Quick without a rebound.
11:15 of 2nd period - Nicklas Backstrom wins face-off versus Mikael Granlund in Flyers zone.
11:26 of 2nd period - Shot by Nicklas Backstrom.
11:26 of 2nd period - Shot Misses the Net.
11:28 of 2nd period - Shot by Radko Gudas.
11:28 of 2nd period - Goal by Radko Gudas - Sabres : 2 - Flyers : 0.
11:29 of 2nd period - Patrik Berglund wins face-off versus Claude Giroux in neutral zone.
12:16 of 2nd period - Claude Giroux is hit by Brent Seabrook and loses puck.
12:32 of 2nd period - Shot by Jakub Kindl.
12:32 of 2nd period - Stopped by Jake Allen without a rebound.
12:33 of 2nd period - Daniel Briere wins face-off versus Jeff Skinner in Sabres zone.
12:48 of 2nd period - Shot by Nicklas Backstrom.
12:48 of 2nd period - Shot Blocked by Tyler Myers.
13:38 of 2nd period - Shot by Mikael Granlund.
13:38 of 2nd period - Stopped by Jake Allen without a rebound.
13:39 of 2nd period - Alexander Frolov wins face-off versus Zach Parise in Sabres zone.
13:52 of 2nd period - Shot by Alexander Frolov.
13:52 of 2nd period - Stopped by Jonathan Quick without a rebound.
13:53 of 2nd period - Sergei Kostitsyn wins face-off versus Jonathan Huberdeau in Flyers zone.
14:02 of 2nd period - Shot by Dustin Brown.
14:02 of 2nd period - Stopped by Jake Allen without a rebound.
14:03 of 2nd period - Alexander Frolov wins face-off versus Claude Giroux in Sabres zone.
14:07 of 2nd period - Off-side.
14:08 of 2nd period - Alexander Frolov wins face-off versus Jonathan Huberdeau in neutral zone.
14:33 of 2nd period - Shot by Alexander Frolov.
14:33 of 2nd period - Stopped by Jonathan Quick without a rebound.
14:34 of 2nd period - Claude Giroux wins face-off versus Daniel Briere in Flyers zone.
14:41 of 2nd period - Shot by Zach Parise.
14:41 of 2nd period - Goal by Zach Parise - Sabres : 2 - Flyers : 1.
14:42 of 2nd period - Daniel Briere wins face-off versus Claude Giroux in neutral zone.
14:44 of 2nd period - Tomas Pospisil is hit by Claude Giroux and loses puck.
15:04 of 2nd period - Shot by Claude Giroux.
15:04 of 2nd period - Stopped by Jake Allen without a rebound.
15:05 of 2nd period - Alexander Frolov wins face-off versus Jonathan Huberdeau in Sabres zone.
15:29 of 2nd period - Dustin Brown and Mike Iggulden fight to a draw.
15:29 of 2nd period - Penalty to Dustin Brown for Fighting.
15:29 of 2nd period - Penalty to Mike Iggulden for Fighting.
15:29 of 2nd period - Minor Penalty to Mikael Granlund for Slashing.
15:29 of 2nd period - Minor Penalty to Brent Seabrook for Roughing.
15:29 of 2nd period - Double Minor Penalty to Jonathan Huberdeau for High sticking.
15:30 of 2nd period - Milan Lucic wins face-off versus Petr Prucha in Flyers zone.
15:51 of 2nd period - Shot by Alexander Frolov.
15:51 of 2nd period - Shot Misses the Net.
16:01 of 2nd period - Shot by Alexander Frolov.
16:01 of 2nd period - Stopped by Jonathan Quick without a rebound.
16:02 of 2nd period - Milan Lucic wins face-off versus Patrick Kane in Flyers zone.
16:05 of 2nd period - Shot by Alexander Frolov.
16:05 of 2nd period - Goal by Alexander Frolov - Sabres : 3 - Flyers : 1.
16:06 of 2nd period - Daniel Briere wins face-off versus Claude Giroux in neutral zone.
16:11 of 2nd period - Shot by Olli Maata.
16:11 of 2nd period - Shot Misses the Net.
16:25 of 2nd period - Shot by Brian Gionta.
16:25 of 2nd period - Shot Misses the Net.
16:27 of 2nd period - Shot by Daniel Briere.
16:27 of 2nd period - Stopped by Jonathan Quick with a rebound.
16:29 of 2nd period - Shot by John Oduya.
16:29 of 2nd period - Stopped by Jonathan Quick with a rebound.
16:31 of 2nd period - Shot by Brian Gionta.
16:31 of 2nd period - Shot Misses the Net.
16:35 of 2nd period - Shot by Brian Gionta.
16:35 of 2nd period - Shot Misses the Net.
16:37 of 2nd period - Shot by Olli Maata.
16:37 of 2nd period - Shot Misses the Net.
16:55 of 2nd period - Shot by Nicklas Backstrom.
16:55 of 2nd period - Goal by Nicklas Backstrom - Sabres : 4 - Flyers : 1.
16:56 of 2nd period - Nicklas Backstrom wins face-off versus Claude Giroux in neutral zone.
17:25 of 2nd period - Shot by Alexander Frolov.
17:25 of 2nd period - Stopped by Jonathan Quick with a rebound.
17:27 of 2nd period - Shot by Jonathan Blum.
17:27 of 2nd period - Deflect By Alexander Frolov.
17:27 of 2nd period - Stopped by Jonathan Quick without a rebound.
17:28 of 2nd period - Claude Giroux wins face-off versus Daniel Briere in Flyers zone.
18:25 of 2nd period - Off-side.
18:26 of 2nd period - Nicklas Backstrom wins face-off versus Mikael Granlund in neutral zone.
19:25 of 2nd period - Shot by Jeff Skinner.
19:25 of 2nd period - Stopped by Jake Allen with a rebound.
19:55 of 2nd period - Shot by Sergei Kostitsyn.
19:55 of 2nd period - Shot Misses the Net.
19:57 of 2nd period - Shot by Olli Maata.
19:57 of 2nd period - Stopped by Jonathan Quick with a rebound.
19:59 of 2nd period - Shot by Victor Rask.
19:59 of 2nd period - Shot Blocked by Jakub Kindl.
Goals for this period are 3 for Sabres vs 1 for Flyers.
Shots for this period are 23 for Sabres vs 10 for Flyers.

3rd period


0:01 of 3rd period - Claude Giroux wins face-off versus Daniel Briere in neutral zone.
0:30 of 3rd period - Shot by Zach Parise.
0:30 of 3rd period - Shot Blocked by Daniel Briere.
0:32 of 3rd period - Shot by Zach Parise.
0:32 of 3rd period - Deflect By Patrick Kane.
0:32 of 3rd period - Shot Misses the Net.
0:34 of 3rd period - Shot by Patrick Kane.
0:34 of 3rd period - Stopped by Jake Allen without a rebound.
0:35 of 3rd period - Jonathan Huberdeau wins face-off versus Alexander Frolov in Sabres zone.
1:38 of 3rd period - Victor Rask is hit by Braydon Coburn and loses puck.
1:55 of 3rd period - Shot by Brent Seabrook.
1:55 of 3rd period - Deflect By Sergei Kostitsyn.
1:55 of 3rd period - Shot Blocked by Claude Giroux.
2:11 of 3rd period - Shot by Zach Parise.
2:11 of 3rd period - Stopped by Jake Allen without a rebound.
2:12 of 3rd period - Jeff Skinner wins face-off versus Daniel Briere in Sabres zone.
2:13 of 3rd period - Shot by Shayne Gostisbehere.
2:13 of 3rd period - Stopped by Jake Allen without a rebound.
2:14 of 3rd period - Daniel Briere wins face-off versus Jeff Skinner in Sabres zone.
2:28 of 3rd period - Yannick Lehoux is hit by Daniel Briere and loses puck.
2:52 of 3rd period - Jeff Skinner is hit by Radko Gudas and loses puck.
3:10 of 3rd period - Icing by Ted Purcell.
3:11 of 3rd period - Jeff Skinner wins face-off versus Alexander Frolov in Flyers zone.
3:11 of 3rd period - Jeff Skinner is hit by Mike Iggulden.
3:16 of 3rd period - Shayne Gostisbehere is hit by Brent Seabrook and loses puck.
3:27 of 3rd period - Shot by Claude Giroux.
3:27 of 3rd period - Stopped by Jake Allen without a rebound.
3:28 of 3rd period - Claude Giroux wins face-off versus Sergei Kostitsyn in Sabres zone.
3:47 of 3rd period - Shot by Patrick Kane.
3:47 of 3rd period - Stopped by Jake Allen without a rebound.
3:48 of 3rd period - Alexander Frolov wins face-off versus Jonathan Huberdeau in Sabres zone.
3:48 of 3rd period - Alexander Frolov is hit by Dustin Brown.
4:00 of 3rd period - Alexander Frolov is hit by Dustin Brown.
4:15 of 3rd period - Icing by Brent Seabrook.
4:16 of 3rd period - Alexander Frolov wins face-off versus Claude Giroux in Sabres zone.
5:20 of 3rd period - Icing by Olli Maata.
5:21 of 3rd period - Daniel Briere wins face-off versus Jonathan Huberdeau in Sabres zone.
5:26 of 3rd period - Shot by Daniel Briere.
5:26 of 3rd period - Shot Misses the Net.
5:50 of 3rd period - Shot by Jim Sharrow.
5:50 of 3rd period - Stopped by Jake Allen without a rebound.
5:51 of 3rd period - Alexander Frolov wins face-off versus Jeff Skinner in Sabres zone.
6:29 of 3rd period - Shot by Ted Purcell.
6:29 of 3rd period - Shot Misses the Net.
7:08 of 3rd period - Icing by Tyler Myers.
7:09 of 3rd period - Daniel Briere wins face-off versus Claude Giroux in Flyers zone.
7:35 of 3rd period - Patrick Kane is hit by Radko Gudas and loses puck.
7:46 of 3rd period - Shot by Nicklas Backstrom.
7:46 of 3rd period - Shot Blocked by Jim Sharrow.
7:55 of 3rd period - Mikael Granlund is hit by Radko Gudas.
7:59 of 3rd period - Shot by Jonathan Huberdeau.
7:59 of 3rd period - Stopped by Jake Allen with a rebound.
8:01 of 3rd period - Shot by Dustin Brown.
8:01 of 3rd period - Stopped by Jake Allen without a rebound.
8:02 of 3rd period - Petr Prucha wins face-off versus Sergei Kostitsyn in Sabres zone.
8:03 of 3rd period - Shot by Trevor Lewis.
8:03 of 3rd period - Stopped by Jake Allen without a rebound.
8:04 of 3rd period - Victor Rask wins face-off versus Rhett Rakhshani in Sabres zone.
8:04 of 3rd period - Victor Rask is hit by Trevor Lewis.
8:12 of 3rd period - Shot by Sergei Kostitsyn.
8:12 of 3rd period - Shot Misses the Net.
8:14 of 3rd period - Shot by Victor Rask.
8:14 of 3rd period - Deflect By Sergei Kostitsyn.
8:14 of 3rd period - Shot Blocked by Braydon Coburn.
8:16 of 3rd period - Shot by Sergei Kostitsyn.
8:16 of 3rd period - Shot Misses the Net.
8:18 of 3rd period - Shot by Jonathan Blum.
8:18 of 3rd period - Stopped by Jonathan Quick without a rebound.
8:19 of 3rd period - Patrik Berglund wins face-off versus Jonathan Huberdeau in Flyers zone.
8:30 of 3rd period - Shot by Jonathan Huberdeau.
8:30 of 3rd period - Stopped by Jake Allen without a rebound.
8:31 of 3rd period - Jeff Skinner wins face-off versus Alexander Frolov in Sabres zone.
8:31 of 3rd period - Jeff Skinner is hit by Brent Seabrook.
8:45 of 3rd period - Ted Purcell is hit by Mike Iggulden and loses puck.
8:58 of 3rd period - Shot by Brian Gionta.
8:58 of 3rd period - Shot Misses the Net.
9:00 of 3rd period - Shot by Brian Gionta.
9:00 of 3rd period - Shot Misses the Net.
9:02 of 3rd period - Shot by Brian Gionta.
9:02 of 3rd period - Goal by Brian Gionta - Sabres : 5 - Flyers : 1.
9:03 of 3rd period - Nicklas Backstrom wins face-off versus Jonathan Huberdeau in neutral zone.
9:12 of 3rd period - Shot by Nicklas Backstrom.
9:12 of 3rd period - Shot Misses the Net.
9:20 of 3rd period - Shot by Mikael Granlund.
9:20 of 3rd period - Stopped by Jake Allen without a rebound.
9:21 of 3rd period - Trevor Lewis wins face-off versus Sergei Kostitsyn in Sabres zone.
9:44 of 3rd period - Minor Penalty to Milan Lucic for Hooking.
9:45 of 3rd period - Claude Giroux wins face-off versus Alexander Frolov in Sabres zone.
10:00 of 3rd period - Shot by Claude Giroux.
10:00 of 3rd period - Deflect By Patrick Kane.
10:00 of 3rd period - Shot Misses the Net.
10:02 of 3rd period - Shot by Nicklas Grossman.
10:02 of 3rd period - Shot Blocked by Alexander Frolov.
10:04 of 3rd period - Shot by Claude Giroux.
10:04 of 3rd period - Shot Misses the Net.
10:16 of 3rd period - Shot by Jeff Skinner.
10:16 of 3rd period - Stopped by Jake Allen without a rebound.
10:17 of 3rd period - Mikael Granlund wins face-off versus Alexander Frolov in Sabres zone.
10:20 of 3rd period - Shot by Jonathan Huberdeau.
10:20 of 3rd period - Stopped by Jake Allen without a rebound.
10:21 of 3rd period - Alexander Frolov wins face-off versus Mikael Granlund in Sabres zone.
10:58 of 3rd period - Radko Gudas is hit by Mikael Granlund and loses puck.
11:05 of 3rd period - Shot by Mikael Granlund.
11:05 of 3rd period - Shot Hit the Post.
11:29 of 3rd period - Shot by Nicklas Backstrom.
11:29 of 3rd period - Stopped by Jonathan Quick without a rebound.
11:30 of 3rd period - Nicklas Backstrom wins face-off versus Claude Giroux in Flyers zone.
12:35 of 3rd period - Shot by Jeff Skinner.
12:35 of 3rd period - Deflect By Ted Purcell.
12:35 of 3rd period - Shot Misses the Net.
12:43 of 3rd period - Nicklas Grossman is hit by Janne Lahti and loses puck.
13:05 of 3rd period - Shot by Sergei Kostitsyn.
13:05 of 3rd period - Shot Misses the Net.
13:12 of 3rd period - Victor Rask is hit by Braydon Coburn and loses puck.
13:18 of 3rd period - Minor Penalty to Nicklas Grossman for High sticking.
13:19 of 3rd period - Mikael Granlund wins face-off versus Nicklas Backstrom in Flyers zone.
13:45 of 3rd period - Shot by Alexander Frolov.
13:45 of 3rd period - Stopped by Jonathan Quick without a rebound.
13:46 of 3rd period - Daniel Briere wins face-off versus Mikael Granlund in Flyers zone.
14:14 of 3rd period - Shot by Olli Maata.
14:14 of 3rd period - Shot Misses the Net.
14:16 of 3rd period - Shot by Brian Gionta.
14:16 of 3rd period - Deflect By Daniel Briere.
14:16 of 3rd period - Shot Misses the Net.
14:18 of 3rd period - Shot by Brent Seabrook.
14:18 of 3rd period - Shot Misses the Net.
14:20 of 3rd period - Shot by Brian Gionta.
14:20 of 3rd period - Shot Misses the Net.
14:36 of 3rd period - Shot by Radko Gudas.
14:36 of 3rd period - Stopped by Jonathan Quick with a rebound.
14:38 of 3rd period - Shot by Alexander Frolov.
14:38 of 3rd period - Goal by Alexander Frolov - Sabres : 6 - Flyers : 1.
14:39 of 3rd period - Jeff Skinner wins face-off versus Sergei Kostitsyn in neutral zone.
14:46 of 3rd period - Shot by Jeff Skinner.
14:46 of 3rd period - Stopped by Jake Allen without a rebound.
14:47 of 3rd period - Victor Rask wins face-off versus Claude Giroux in Sabres zone.
15:22 of 3rd period - Shot by Victor Rask.
15:22 of 3rd period - Shot Misses the Net.
15:33 of 3rd period - Zach Parise is hit by Milan Lucic and loses puck.
15:57 of 3rd period - Icing by Tyler Myers.
15:58 of 3rd period - Daniel Briere wins face-off versus Jeff Skinner in Flyers zone.
16:08 of 3rd period - Icing by Yannick Lehoux.
16:09 of 3rd period - Alexander Frolov wins face-off versus Ted Purcell in Flyers zone.
16:18 of 3rd period - Shot by Tyler Myers.
16:18 of 3rd period - Shot Misses the Net.
16:20 of 3rd period - Shot by Tyler Myers.
16:20 of 3rd period - Stopped by Jake Allen without a rebound.
16:21 of 3rd period - Jonathan Huberdeau wins face-off versus Daniel Briere in Sabres zone.
16:31 of 3rd period - Icing by John Oduya.
16:32 of 3rd period - Claude Giroux wins face-off versus Daniel Briere in Sabres zone.
16:43 of 3rd period - Shot by Patrick Kane.
16:43 of 3rd period - Stopped by Jake Allen without a rebound.
16:44 of 3rd period - Jonathan Huberdeau wins face-off versus Alexander Frolov in Sabres zone.
17:00 of 3rd period - Shot by Jonathan Huberdeau.
17:00 of 3rd period - Shot Misses the Net.
17:04 of 3rd period - Shot by Mikael Granlund.
17:04 of 3rd period - Stopped by Jake Allen with a rebound.
17:06 of 3rd period - Shot by Mikael Granlund.
17:06 of 3rd period - Shot Misses the Net.
17:08 of 3rd period - Shot by Jonathan Huberdeau.
17:08 of 3rd period - Shot Misses the Net.
17:12 of 3rd period - Shot by Mikael Granlund.
17:12 of 3rd period - Shot Misses the Net.
17:14 of 3rd period - Shot by Dustin Brown.
17:14 of 3rd period - Deflect By Jonathan Huberdeau.
17:14 of 3rd period - Shot Misses the Net.
17:18 of 3rd period - Shot by Dustin Brown.
17:18 of 3rd period - Stopped by Jake Allen without a rebound.
17:19 of 3rd period - Claude Giroux wins face-off versus Daniel Briere in Sabres zone.
17:20 of 3rd period - Shot by Patrick Kane.
17:20 of 3rd period - Stopped by Jake Allen without a rebound.
17:21 of 3rd period - Daniel Briere wins face-off versus Claude Giroux in Sabres zone.
17:21 of 3rd period - Daniel Briere is hit by Claude Giroux.
17:36 of 3rd period - Icing by Daniel Briere.
17:37 of 3rd period - Jonathan Huberdeau wins face-off versus Daniel Briere in Sabres zone.
18:01 of 3rd period - Dustin Brown is hit by Radko Gudas and loses puck.
18:07 of 3rd period - Mikael Granlund is hit by Radko Gudas and loses puck.
18:15 of 3rd period - Jonathan Huberdeau is hit by Radko Gudas and loses puck.
18:51 of 3rd period - Shot by Patrick Kane.
18:51 of 3rd period - Stopped by Jake Allen without a rebound.
18:52 of 3rd period - Alexander Frolov wins face-off versus Jeff Skinner in Sabres zone.
18:52 of 3rd period - Alexander Frolov is hit by Yannick Lehoux.
Goals for this period are 2 for Sabres vs 0 for Flyers.
Shots for this period are 6 for Sabres vs 20 for Flyers.